 Dungeon Crawl Stone Soup version 0.28.0-53-g5a82cb258f (webtiles) character file.

Game seed: 13295852855825955564

303 Peloso the Covered (level 6, -10/53 HPs)
             Began as a Minotaur Fighter on July 14, 2022.
             Mangled by Menkaure (21 damage)
             ... on level 4 of the Dungeon.
             The game lasted 00:04:41 (2579 turns).

Peloso the Covered (Minotaur Fighter)               Turns: 2579, Time: 00:04:42

Health: -10/53     AC:  7    Str: 19 (21) XL:     6   Next: 15%
Magic:  5/5        EV:  9    Int:  5      God:
Gold:   144        SH:  4    Dex:  8 (11) Spells: 5/5 levels left

rFire   . . .      SeeInvis .   a - +1 long sword (vorpal)
rCold   . . .      Faith    .   c - +0 buckler
rNeg    . . .      Spirit   .   l - +0 scale mail
rPois   .          Reflect  .   (helmet restricted)
rElec   .          Harm     .   (no cloak)
rCorr   .          Rampage  .   (no gloves)
Will    .....                   (no boots)
Stlth   ..........              k - amulet of regeneration
HPRegen 0.97/turn               (no ring)
MPRegen 0.09/turn               (no ring)

@: no status effects
A: horns 2, retaliatory headbutt
a: no special abilities


You were on level 4 of the Dungeon.
You visited 1 branch of the dungeon, and saw 4 of its levels.

You collected 144 gold pieces.

Inventory:

Hand Weapons
 a - a +1 vorpal long sword (weapon)
 b - the +4 dagger "Morg" {pain, Will+ Int+5}
   (You found it on level 2 of the Dungeon)

   In the hands of one skilled in necromantic magic, it inflicts extra damage on
   living creatures.
   Int:       It affects your intelligence (+5).
   Will:      It increases your willpower.
Armour
 c - a +0 buckler (worn)
 l - a +0 scale mail (worn)
Jewellery
 e - an amulet of the acrobat
 k - an amulet of regeneration (around neck)
 n - a ring of protection from fire
Scrolls
 h - a scroll of teleportation
 i - 2 scrolls of immolation
 j - a scroll of fog {unknown}
 o - a scroll of amnesia {unknown}
Potions
 d - a potion of might


   Skills:
 + Level 4.6 Fighting
 + Level 1.0(2.9) Short Blades
 + Level 4.8(4.9) Long Blades
 + Level 5.7 Armour
 + Level 0.8 Dodging
 + Level 4.3 Shields


You had 5 spell levels left.
You didn't know any spells.
Your spell library contained the following spells:

 Spells                   Type           Power      Damage    Failure   Level
 Slow                     Hex            0%         N/A       89%         1


Dungeon Overview and Level Annotations

Branches:
Dungeon (4/15)
 Temple: D:4-7

Altars:

Annotations:
D:4 Menkaure


Innate Abilities, Weirdness & Mutations

You have a pair of horns on your head.
You reflexively headbutt those who attack you in melee.


Message History

The iguana bites you. You block the iguana's attack.
You hit the iguana.
You kill the iguana!
You feel your strength returning.
You have reached level 6!
You now have 121 gold pieces (gained 13).
Found a stone staircase leading down.
You now have 134 gold pieces (gained 13).
You now have 144 gold pieces (gained 10).
An iguana comes into view.
The iguana hisses angrily.
An iguana is nearby!
An iguana is nearby!
You see here an amulet of the acrobat.
You slash the iguana! Your headbutt misses the iguana.
The iguana is almost dead.
The iguana bites you.
You hit the iguana.
You kill the iguana!
e - an amulet of the acrobat Menkaure, Prince of Dust comes into view.
Menkaure shouts!
Menkaure is nearby!
Sorry, you're not good enough to have a special ability.
Unknown command.
Menkaure hits you but does no damage.
You hit Menkaure.
Menkaure is moderately damaged.
Menkaure calls on the powers of darkness!
Your body is wracked with pain!
You slash Menkaure!
Menkaure is heavily damaged.
Menkaure casts a spell.
Menkaure seems to speed up.
You hit Menkaure. You headbutt Menkaure.
Menkaure is almost destroyed.
Menkaure hits you!!
* * * LOW HITPOINT WARNING * * *
Menkaure hits you!!
You die...

#...# #####
....###...####
..#..##...##.##
..#..##...##..##
..........#....#
..#.#..........## ##
###.#...........##.#
.#.................##
.##...###.......@M..#
..#..####......#........
..##.#.#......##.........
#.##.....................
.# #...........#.......
#............#.......
..................#..
.....####....##...# .#.
##.#.. .


You could see Menkaure (fast).

Vanquished Creatures
  Pargi (D:3)
  An orc priest (D:2)
  2 iguanas (D:4)
  6 adders
  A worm (D:3)
  2 orcs (D:2)
  4 ball pythons
  6 bats
  7 endoplasms
  3 giant cockroaches
  5 goblins
  3 hobgoblins
  5 jackals (D:3)
  4 kobolds
  4 quokkas
  4 frilled lizards
  9 rats
67 creatures vanquished.

Notes
Turn   | Place    | Note
-------+----------+-------------------------------------------
     0 | D:1      | Peloso the Minotaur Fighter began the quest for the Orb.
     0 | D:1      | Reached XP level 1. HP: 19/19 MP: 0/0
   195 | D:1      | Reached XP level 2. HP: 26/27 MP: 1/1
   395 | D:1      | Found a faded altar of an unknown god.
   403 | D:1      | Got Plato's Almanac of Beguiling
   756 | D:1      | Reached XP level 3. HP: 33/33 MP: 2/2
   883 | D:2      | Reached skill level 4 in Armour
   931 | D:2      | Found the +4 dagger "Morg" {pain, Will+ Int+5}
  1213 | D:2      | Reached XP level 4. HP: 22/41 MP: 3/3
  1966 | D:3      | Noticed Pargi
  1976 | D:3      | Killed Pargi
  1977 | D:3      | Reached skill level 5 in Armour
  1977 | D:3      | Reached XP level 5. HP: 31/47 MP: 4/4
  2093 | D:3      | Reached skill level 1 in Short Blades
  2534 | D:4      | Reached XP level 6. HP: 53/53 MP: 5/5
  2566 | D:4      | Noticed Menkaure
  2579 | D:4      | Mangled by Menkaure

Illustrated notes

Levels and vault maps discovered:
D:1:      lightli_iron_boxes, layout_basic, shapermc_ecumenical_altar_rom_forum,
          minmay_octomino_e4
D:2:      layout_rooms
D:3:      layout_rooms, uniq_pargi
D:4:      layout_cave_pools, grunt_temple_overflow_magic_moments,
          general_overflow_altar, zin_academy, mainiacjoe_overflow_24_doors,
          lemuel_crystal_altar, uniq_menkaure, uniq_robin

Skill      XL: |  1  2  3  4  5 |
---------------+----------------+-----
Fighting       | 4 |  4.6
Shields        | 4 |  4.3
Armour         | 4 5 |  5.7
Long Blades    | 3 4 |  4.8
Short Blades   | 1 |  1.0
Dodging        | |  0.8

Action                   |  1- 3 |  4- 6 || total
-------------------------+-------+-------++-------
Melee: Long sword        |    68 |    58 ||   126
       Headbutt          |    11 |    13 ||    24
       Dagger            |    19 |    17 ||    36
  Use: Scroll            |       |     8 ||     8
       Potion            |       |     2 ||     2
Armor: Scale mail        |    45 |    49 ||    94
Dodge: Dodged            |    50 |    27 ||    77
Block: Buckler           |    21 |    20 ||    41
